 Dungeon Crawl Stone Soup version 0.30-a0-1103-g25895a7845 (webtiles) character file.

Game seed: 13679754606911730137

499 bande the Covered (level 7, -7/44 HPs)
             Began as a Gargoyle Fighter on Apr 18, 2023.
             Mangled by an ogre
             ... wielding a +0 giant club
              (22 damage)
             ... on level 5 of the Dungeon.
             The game lasted 00:04:50 (3562 turns).

bande the Covered (Gargoyle Fighter)                Turns: 3562, Time: 00:04:51

Health: -7/44      AC: 20    Str: 19    XL:     7   Next: 16%
Magic:  7/7        EV:  7    Int:  9    God:
Gold:   299        SH:  4    Dex: 11    Spells: 6/6 levels left

rFire   . . .      SeeInvis .    a - +1 war axe
rCold   . . .      Faith    .    c - +0 buckler
rNeg    + . .      Spirit   .    q - +0 chain mail
rPois   ∞          Reflect  .    j - +2 helmet
rElec   +          Rampage  .    b - +1 cloak {rCorr}
rCorr   +                        (no gloves)
Will    .....                    (no boots) Stlth
                                 (no amulet)
HPRegen 0.27/turn                (no ring)
MPRegen 0.10/turn                (no ring)

@: no status effects
A: sickness immunity, AC +4, negative energy resistance 1, electricity
resistance, torment resistance 1, petrification resistance
a: no special abilities


You were on level 5 of the Dungeon.
You visited 1 branch of the dungeon, and saw 5 of its levels.

You collected 299 gold pieces.

Inventory:

Hand Weapons
 a - a +1 war axe (weapon)
Armour
 b - a +1 cloak of preservation (worn)
 c - a +0 buckler (worn)
 j - a +2 helmet (worn)
 q - a +0 chain mail (worn)
Jewellery
 d - an amulet of magic regeneration
 f - a ring of protection from fire
 l - a ring of ice
Wands
 n - a wand of quicksilver (6)
Scrolls
 g - 2 scrolls of fog
 h - a scroll of enchant weapon
 o - a scroll of teleportation
Potions
 e - 3 potions of flight
 i - a potion of haste {unknown}
 k - 3 potions of heal wounds {unknown}
 m - a potion of cancellation {unknown}
 p - a potion of degeneration {unknown}


   Skills:
 + Level 4.3 Fighting
 + Level 4.8 Axes
 + Level 5.0 Armour
 + Level 4.1 Shields
 * Level 1.4 Evocations


You had 6 spell levels left.
You didn't know any spells.
Your spell library contained the following spells:

 Spells                   Type           Power      Damage    Failure   Level
 Sting                    Tmut/Pois      0%         1d3       99%         1
 Poisonous Vapours        Pois/Air       0%         N/A       99%         2
 Static Discharge         Conj/Air       0%         2-2/arc   99%         2
 Airstrike                Air            0%         2d(0-16)  100%        4
 Olgreb's Toxic Radiance  Pois           0%         N/A       100%        4
 Summon Lightning Spire   Summ/Air       0%         N/A       100%        4


Dungeon Overview and Level Annotations

Branches:
Dungeon (5/15)
 Temple: D:4-7

Altars:
Gozag
Yredelemnul


Innate Abilities, Weirdness & Mutations

You are immune to sickness and miasma.
Your stone body is resilient. (AC +4)
You are immune to poison.
You resist negative energy. (rN+)
You are resistant to electric shocks. (rElec)
You are resistant to unholy torment.
You are immune to petrification.


Message History

a +0 dagger; a +0 leather armour
Things that are here:
a +0 dagger; a +0 robe; an orc corpse
Things that are here:
a +0 hand axe; an orc corpse
Things that are here:
a +0 dagger; a +0 robe; an orc corpse
There is a stone staircase leading down here.
You climb downwards.
The orc hits you but does no damage. You block the orc's attack.
There is a stone staircase leading up here.
You barely miss the orc. You block the orc's attack.
You slash the orc!
You kill the orc!
No target in view!
No target in view!
No target in view!
No target in view!
You now have 291 gold pieces (gained 17).
Found a potion of lignification.
Found a stone staircase leading up.
You now have 299 gold pieces (gained 8).
Found a hand axe.
An ogre comes into view. It is wielding a +0 giant club.
The ogre shouts!
You slash the ogre!
The ogre is moderately wounded.
The ogre hits you with a +0 giant club!!
Ouch! That really hurt!
You are too injured to fight recklessly!
You are too injured to fight recklessly!
You are too injured to fight recklessly!
You are too injured to fight recklessly!
You are too injured to fight recklessly!
You are too injured to fight recklessly!
You are too injured to fight recklessly!
You slash the ogre!
The ogre is heavily wounded.
The ogre hits you with a +0 giant club!!
Ouch! That really hurt!
You die...

... ## ... #.# .. .. #
.# .#####.# .###.
#..?...# ..#.. ##
##.....# ##...
#..#...O..### ##...#
.......@...##..##....
...........#......).#
#####..#........ #.<#
##...###...# ##.##
###.....###.## ##..###
#........###.###......
..)........##....######
...........##.##.##
...........##.##..#


You could see an ogre.

Vanquished Creatures
  Sigmund (D:3)
  A scorpion (D:4)
  2 hounds (D:4)
  Crazy Yiuf (D:3)
  Terence (D:3)
  An iguana (D:4)
  An orc wizard (D:4)
  5 adders
  An ufetubus (D:4)
  A worm (D:2)
  A dart slug (D:4)
  5 orcs
  3 endoplasms (D:1)
  3 giant cockroaches
  6 goblins
  4 hobgoblins
  6 kobolds
  5 quokkas
  4 ball pythons
  5 bats
  2 frilled lizards (D:1)
  3 rats
62 creatures vanquished.

Notes
Turn   | Place    | Note
-------+----------+-------------------------------------------
     0 | D:1      | bande the Gargoyle Fighter began the quest for the Orb.
     0 | D:1      | Reached XP level 1. HP: 14/14 MP: 1/1
   221 | D:1      | Reached XP level 2. HP: 18/19 MP: 2/2
   838 | D:1      | Found a faded altar of an unknown god.
  1101 | D:2      | Reached XP level 3. HP: 19/23 MP: 3/3
  1491 | D:3      | Found a basalt altar of Yredelemnul.
  1599 | D:3      | Noticed Sigmund
  1880 | D:3      | Killed Sigmund
  1881 | D:3      | Reached skill level 4 in Armour
  1881 | D:3      | Reached XP level 4. HP: 23/29 MP: 4/4
  1881 | D:3      | Reached XP level 5. HP: 27/33 MP: 5/5
  1996 | D:3      | Noticed Terence
  2004 | D:3      | Killed Terence
  2005 | D:3      | Reached XP level 6. HP: 32/38 MP: 6/6
  2200 | D:3      | Found a runed translucent door.
  2201 | D:3      | Noticed Crazy Yiuf
  2207 | D:3      | Killed Crazy Yiuf
  2470 | D:4      | Reached skill level 1 in Evocations
  2840 | D:4      | Reached XP level 7. HP: 40/43 MP: 7/7
  3152 | D:4      | Found an opulent altar of Gozag.
  3169 | D:5      | Entered Level 5 of the Dungeon
  3395 | D:4      | Reached skill level 5 in Armour
  3562 | D:5      | Mangled by an ogre

Illustrated notes

Levels and vault maps discovered:
D:1:      dpeg_arrival_arbitrary_b, layout_basic,
          shapermc_ecumenical_altar_mp_vishouse, minmay_splitting_lines,
          minmay_tree_intersection, serial_park_tiny_2
D:2:      layout_rooms
D:3:      layout_rooms, amcnicky_altar_gilded, uniq_crazy_yiuf_cottage,
          uniq_sigmund, uniq_terence
D:4:      layout_basic, kennysheep_little_box
D:5:      layout_layer_cave, nicolae_qazlal_scattered_showers,
          gammafunk_ghost_necromancy

Skill      XL: |  1  2  3  4  5  6  7 |
---------------+----------------------+-----
Axes           | 2 3 4 |  4.8
Fighting       | 4 |  4.3
Armour         | 4 5 |  5.0
Shields        | 4 |  4.1
Evocations     | 1 |  1.4

Action                     |  1- 3 |  4- 6 |  7- 9 || total
---------------------------+-------+-------+-------++-------
  Melee: War axe           |   111 |    81 |    13 ||   205
    Use: Scroll            |    11 |     1 |       ||    12
         Potion            |     1 |       |       ||     1
 Armour: Scale mail        |    69 |     6 |       ||    75
         Chain mail        |       |    53 |    16 ||    69
  Dodge: Dodged            |    54 |    30 |     1 ||    85
  Block: Buckler           |    36 |    17 |    11 ||    64

Table legend: (Time is in decaauts)
 A = Elapsed time spent in this place.
 B = Non-inter-level travel time spent in this place.
 C = Inter-level travel time spent in this place.
 D = Time resting spent in this place.
 E = Time spent auto-exploring this place.
 F = Levels seen in this place.
 G = Mean time per level.
                   A        B        C        D        E       F      G
               +--------+--------+--------+--------+--------+-----+--------+
         Total |   3630 |   3567 |     63 |    611 |   2343 |   5 |  726.0 |
       Dungeon |   3630 |   3567 |     63 |    611 |   2343 |   5 |  726.0 |
               +--------+--------+--------+--------+--------+-----+--------+

Top non-repeatable levels by time:
     D:4: 1278 daAuts
     D:1: 1043 daAuts
     D:2: 730 daAuts
     D:3: 536 daAuts
     D:5: 40 daAuts
